Unix NetHack Version 5.0.0-0 post-release - last build Jun 10 2026 00:39:30 (3ee93aec679c4c4259841fe613dc97188e26a321,branch:main).

Game began 2026-06-25 20:03:00, ended 2026-06-25 21:26:17.

Eymerich, chaotic male elven Priest

                                                        --------       -------
                     ------                             |......|       |.....|
                     |....|                             |.......##    #-.....|
                     |..$..###                          |......| #    #----|--
                     |@Sh%|  #  ------------            |......|0#    #    #
                     ----.-  ###|..........|            |.......##  ###    #
                               #...........|            ----.--- #[##      #
                                |..........|               ##      ##      #
                                |..........-#              #      ###      #
                                |..........|#        #######       #       #
                                ------------#       ##      #      #       #
                                            ##     -.-------       #       #
                                             #     |.......|       # ------.-
                                             ##    |..---..|       # |......|
                                              #####|..| |..|       ##.......|
                                                  #-..---..|         |...<..|
                                                   |.......|         .......|
                                                   ---------         |...(..|
                                                                     --------

Eymerich the Adept           St:12 Dx:13 Co:16 In:10 Wi:20 Ch:8  Chaotic
Dlvl:6  $:0  HP:0(45) Pw:132(142) AC:5  Xp:7 T:5757  Hungry  

Latest messages:
 The magic missile hits the mountain nymph!
 The mountain nymph wakes up!
 The mountain nymph screams!
 The magic missile bounces!
 You kill the mountain nymph!
 The snake bites!
 The snake bites!
 You miss the snake.
 The snake bites!
 The snake's bite was poisoned!
 What do you want to zap? [mIM or ?*]
 In what direction?
 You kill the snake!
 You kill the cave spider!
 The magic missile bounces!
 The magic missile hits you!
 In what direction?
 You feel better.
 Something is engraved here on the headstone.
 You read: "Note -- there are NO valuable items in this grave".
 The snake bites!
 What do you want to zap? [mIM or ?*]
 In what direction?
 The magic missile hits the snake!
 The magic missile bounces!
 The magic missile hits the snake!
 The snake bites!
 You miss the snake.
 The snake bites!
 You miss the snake.
 The snake bites!
 In what direction?
 You feel better.
 You feel more confident in your spell casting skills.
 The snake bites!
 The snake bites!
 The snake misses!
 You are beginning to feel hungry.
 You hit the snake.
 The snake just misses!
 You miss the snake.
 The hobbit throws an elven dagger!
 The elven dagger hits the snake.
 The snake bites!
 The snake's bite was poisoned!
 The snake bites!
 You die...
 Do you want your possessions identified? [ynq] (y)
 Do you want to see your attributes? [ynq] (y)
 Do you want an account of creatures vanquished? [ynaq] (y)

Inventory:
 Amulets  ('"')
  p - an amulet of guarding
 Weapons  (')')
  E - 25 blessed +0 arrows
  A - a +4 arrow
  F - 11 +2 arrows
  z - 86 +0 arrows
  x - a +0 sling
  U - a rustproof +0 dart
  k - a blessed +3 dagger
  Q - a +0 elven dagger
  t - a +0 aklys (tethered to right hand)
  a - a blessed +1 mace (alternate weapon; not wielded)
 Armor    ('[')
  J - a blessed +1 orcish helm (being worn)
  K - a +0 pair of leather gloves (being worn)
  Z - a +0 pair of iron shoes (being worn)
  X - a blessed fireproof +0 cloak of invisibility
  y - a blessed +1 dwarvish cloak
  b - a +0 robe
 Comestibles  ('%')
  e - 2 cloves of garlic
  O - a food ration
  R - a lembas wafer
  f - a sprig of wolfsbane
 Scrolls  ('?')
  C - a scroll of charging
  T - a cursed scroll of create monster
  D - a scroll of fire
  q - a scroll of remove curse
  S - a blessed scroll of scare monster
  v - a scroll of scare monster
  j - a scroll of stinking cloud
 Potions  ('!')
  L - a potion of healing
  r - 2 potions of object detection
  n - a potion of sickness
  d - 4 potions of holy water
 Rings    ('=')
  s - a ring of fire resistance
  P - a ring of teleport control
 Wands    ('/')
  I - a cursed wand of digging (0:4)
  m - a wand of light (0:13)
  M - a wand of magic missile (0:2)
 Tools    ('(')
  i - a tooled horn
  V - a mirror
  o - a +0 pick-axe
 Gems/Stones  ('*')
  G - a worthless piece of blue glass named soft

Eymerich the Priest's attributes:

Background:
 You were an Adept, a level 7 elven Priest.
 You were chaotic, on a mission for Huan Ti
 who was opposed by Shan Lai Ching (lawful) and Chih Sung-tzu (neutral).
 You were right-handed.
 You were in the Dungeons of Doom, on level 6.
 You entered the dungeon 5757 turns ago.
 You had 895 experience points, 385 more were needed to attain level 8.

Basics:
 You had 0 out of 45 hit points.
 You had 132 out of 142 energy points (spell power).
 Your armor class was 5.
 Your wallet was empty.
 Autopickup was off.

Final Characteristics:
 Your strength was 12 (limit:18).
 Your dexterity was 13 (limit:18).
 Your constitution was 16 (limit:16).
 Your intelligence was 10 (limit:20).
 Your wisdom was 20 (limit:20).
 Your charisma was 8 (limit:18).

Final Status:
 You were hungry.
 You were unencumbered.
 You were wielding a club.
 You were unskilled in club and could have enhanced that.

Final Attributes:
 You were piously aligned.
 You were sleep resistant.
 You were telepathic.
 You had infravision.
 You are dead.

Miscellaneous:
 You didn't encounter any bones levels.
 Total elapsed playing time was 1 hour, 5 minutes and 5 seconds.

Major events:
 Turn
    1: Eymerich the chaotic elven Priest entered the dungeon
 1000: attained the rank of Acolyte (level 3)
 2842: entered the Gnomish Mines
 2976: attained the rank of Adept (level 6)
 5757: killed by a snake

Spells:
 Name                 Level Category     Fail Retention
 healing                1   healing        3%   51%-75%
 extra healing          3   healing       81%   51%-75%

Skills:
 Fighting Skills
   bare handed combat [Unskilled]
 Weapon Skills
   club               [Unskilled]
   mace               [Basic]
   morning star       [Unskilled]
   flail              [Unskilled]
   hammer             [Unskilled]
   quarterstaff       [Unskilled]
   polearms           [Unskilled]
   spear              [Unskilled]
   trident            [Unskilled]
   lance              [Unskilled]
   bow                [Unskilled]
   sling              [Unskilled]
   crossbow           [Unskilled]
   dart               [Unskilled]
   shuriken           [Unskilled]
   boomerang          [Unskilled]
   unicorn horn       [Unskilled]
 Spellcasting Skills
   healing spells     [Unskilled]
   divination spells  [Unskilled]
   clerical spells    [Basic]

Voluntary challenges:
 Character rerolling was not enabled.
 You never genocided any monsters.
 You never polymorphed an object.
 You used no wishes.
Achievements:
 You attained the rank of Acolyte.
 You entered the Gnomish Mines.
 You attained the rank of Adept.

 The Dungeons of Doom: levels 1 to 6
    Level 1:
       Some fountains.
    Level 2:
       A fountain.
    Level 3: "vault, 2 x box, chest"
       Some fountains, a grave.
    Level 4:
       Stairs down to The Gnomish Mines.
    Level 5:
       A fountain.
    Level 6: <- You were here.
       A grave.
       Final resting place for
          you, killed by a snake.
 The Gnomish Mines: levels 5 to 6
    Level 5:
    Level 6:


Vanquished creatures:
  a leprechaun
 an orc mummy
  a lizard
  a blue jelly
  a dust vortex
  2 snakes
  a water nymph
  a mountain nymph
  6 Mordor orcs
 an orc shaman
  a rock piercer
  4 fog clouds
  a yellow light
  4 gnome leaders
  a kobold mummy
  a ghoul
  a straw golem
  5 floating eyes
  a kitten
  4 dwarves
  a kobold leader
  3 hill orcs
  a giant bat
  a monkey
  a wererat
  2 iguanas
 an acid blob
  5 coyotes
  3 hobbits
  3 large kobolds
  a hobgoblin
  a giant rat
  a cave spider
  a yellow mold
  a red mold
 17 gnomes
  5 garter snakes
  a gnome zombie
  5 geckos
  6 jackals
  2 foxes
  4 kobolds
  2 goblins
  3 sewer rats
  8 grid bugs
  9 lichens
  7 newts
134 creatures vanquished.

No species were genocided or became extinct.

Game over:
                       ----------
                      /          \
                     /    REST    \
                    /      IN      \
                   /     PEACE      \
                  /                  \
                  |     Eymerich     |
                  |       0 Au       |
                  |   killed by a    |
                  |      snake       |
                  |                  |
                  |                  |
                  |       2026       |
                 *|     *  *  *      | *
        _________)/\\_//(\/(/\)/\//\/|_)_______

Goodbye Eymerich the Priest...

You died in The Dungeons of Doom on dungeon level 6 with 3850 points,
and 0 pieces of gold, after 5757 moves.
You were level 7 with a maximum of 45 hit points when you died.

